 Dungeon Crawl Stone Soup version 0.29.1-15-g9cfb28693d (webtiles) character file.

Game seed: 849240899213452727

14 Atelerd the Digger (level 2, 0/17 HPs)
             Began as an Octopode Earth Elementalist on May 1, 2023.
             Slain by a gnoll
             ... wielding a +0 whip
             ... led by a gnoll bouda
              (4 damage)
             ... on level 2 of the Dungeon.
             The game lasted 00:01:03 (1338 turns).

Atelerd the Digger (Octopode Earth Elementalist)    Turns: 1338, Time: 00:01:04

Health: 0/17       AC:  1    Str:  7    XL:     2   Next: 41%
Magic:  1/5        EV: 13    Int: 17    God:
Gold:   57         SH:  0    Dex: 12    Spells: 4/5 levels left

rFire   . . .      SeeInvis .   h - +0 dagger
rCold   . . .      Faith    .   (no shield)
rNeg    . . .      Spirit   .   (helmet restricted)
rPois   .          Reflect  .   (no amulet)
rElec   .          Harm     .   (no ring)
rCorr   .          Rampage  .   (no ring)
Will    .....                   (no ring)
Stlth   +++.......              (no ring)
HPRegen 0.05/turn               (no ring)
MPRegen 0.09/turn               (no ring)
                                (no ring)
                                (no ring)

@: mighty, very slightly contaminated
A: almost no armour, amphibious, 8 rings, camouflage 1, gelatinous body 1,
(nimble swimmer 1), tentacles
a: no special abilities


You were on level 2 of the Dungeon.
You visited 1 branch of the dungeon, and saw 2 of its levels.

You collected 57 gold pieces.

Inventory:

Hand Weapons
 h - a +0 dagger (weapon)
Armour
 i - a +0 buckler
Scrolls
 b - 5 scrolls of identify {unknown}
 e - a scroll of vulnerability {unknown}
 k - a scroll of teleportation {unknown}
 m - a scroll of summoning {unknown}
Potions
 a - a potion of magic
 c - a potion of might
 d - a potion of haste {unknown}
 f - a potion of brilliance {unknown}
 g - a potion of resistance {unknown}
 j - a potion of invisibility {unknown}
 l - a potion of lignification {unknown}


   Skills:
 - Level 2.2 Dodging
 - Level 2.6 Stealth
 + Level 2.0 Spellcasting
 * Level 1.1 Transmutations
 * Level 3.4 Earth Magic


You had 4 spell levels left.
You knew the following spells:

 Your Spells              Type           Power      Damage    Failure   Level
a - Sandblast             Erth           26%        2d8       4%          1

Your spell library contained the following spells:

 Spells                   Type           Power      Damage    Failure   Level
 Passwall                 Tmut/Erth      7%         N/A       12%         2
 Stone Arrow              Conj/Erth      14%        3d7       28%         3
 Petrify                  Tmut/Erth      9%         N/A       58%         4


Dungeon Overview and Level Annotations

Branches:
Dungeon (2/15)

Altars:

Shops:
D:2 (

Annotations:
D:1 exclusion: downstairs


Innate Abilities, Weirdness & Mutations

You cannot wear most types of armour.
You are amphibious.
You can wear up to eight rings at the same time.
Your skin changes colour to match your surroundings (Stealth+).
Your rubbery body absorbs attacks. (AC +1, EV +1)
((You are camouflaged when in or above water. (Stealth+)))
You have tentacles for arms and can constrict up to eight enemies at once.


Message History

You see here a +0 helmet.
There is an entrance to Adiddoja's Antique Weapon Shop here.
You can access your shopping list by pressing '$'.
Found a +0 spear.
A gnoll is nearby!
A gnoll is nearby!
A gnoll is nearby!
You can't see any susceptible monsters within range! (Use Z to cast anyway.)
You can't see any susceptible monsters within range! (Use Z to cast anyway.)
You can't see any susceptible monsters within range! (Use Z to cast anyway.)
You can't see any susceptible monsters within range! (Use Z to cast anyway.)
You can't see any susceptible monsters within range! (Use Z to cast anyway.)
You can't see any susceptible monsters within range! (Use Z to cast anyway.)
You can't see any susceptible monsters within range! (Use Z to cast anyway.)
You can't see any susceptible monsters within range! (Use Z to cast anyway.)
What are your orders? t - Shout!
Orders for allies: a - Attack new target. r - Retreat! s - Stop attacking. g - Guard the area. f - Follow me.
Anything else - Cancel.
You shout for attention!
The gnoll shouts!
You hear a shout!
You hear an angry hiss.
You hear a shout! x2
The blast of sand hits the gnoll.
The gnoll is heavily wounded.
An adder comes into view.
The blast of sand misses the gnoll.
You miscast Sandblast.
You are very lightly contaminated with residual magic.
Nothing appears to happen.
The gnoll barely misses you.
The blast of sand hits the gnoll.
The gnoll is heavily wounded.
The gnoll hits you with a +0 whip! The gnoll attacks as you move away!
The gnoll hits you with a +0 whip.
* * * LOW HITPOINT WARNING * * *
The gnoll attacks as you move away! The gnoll misses you.
It was a potion of might.
You feel very mighty all of a sudden. The gnoll hits you with a +0 whip.
You die...

#.# #.# #.# #.# #.#
## #.#
...?###.####.####
........gS.g.....
....###@####.##)# .
#.# #.# #.# ##
##########.####..
.# #......#...#...
#.#
#...[.###.#####.#.#
#.#.∩[#.........#.#
#.......#.#######.#


You could see 2 gnolls and an adder.

Vanquished Creatures
  A ball python (D:1)
  A bat (D:1)
  A goblin (D:1)
  A hobgoblin (D:1)
  2 jackals (D:1)
  A quokka (D:1)
  2 frilled lizards
  2 kobolds (D:1)
  2 rats (D:1)
13 creatures vanquished.

Notes
Turn   | Place    | Note
-------+----------+-------------------------------------------
     0 | D:1      | Atelerd the Octopode Earth Elementalist began the quest for
                  | the Orb.
     0 | D:1      | Reached XP level 1. HP: 11/11 MP: 3/3
   558 | D:1      | Reached XP level 2. HP: 17/17 MP: 3/5
  1307 | D:2      | Found Adiddoja's Antique Weapon Shop.
  1338 | D:2      | Slain by a gnoll

Illustrated notes

Levels and vault maps discovered:
D:1:      ebering_trefoil_3fold, layout_basic
D:2:      layout_basic, serial_shops, nicolae_shop_stone, moated_statue

Action                   || total
-------------------------++-------
Melee: Unarmed           ||     3
       Dagger            ||     9
       Constrict         ||     4
       Tentacles         ||     2
 Cast: Sandblast         ||    18
  Use: Potion            ||     1
 Stab: Sleeping          ||     1
Armor: Skin              ||     1
Dodge: Dodged            ||    16
